 Dungeon Crawl Stone Soup version 0.21.0-25-ge575cb9 (webtiles) character file.

2 Amnesiac the Stinger (level 1, 0/13 (14) HPs)
             Began as a Ghoul Venom Mage on Jan 25, 2018.
             Slain by a hobgoblin
             ... wielding a +0 club
              (2 damage)
             ... on level 1 of the Dungeon.
             The game lasted 00:00:21 (76 turns).

Amnesiac the Stinger (Ghoul Venom Mage)               Turns: 76, Time: 00:00:22

HP:   0/13 (14)     AC:  2    Str: 11    XL:     1   Next: 40%
MP:   2/2           EV: 12    Int: 10    God:
Gold: 24            SH:  0    Dex:  9    Spells: 2/3 levels left

rFire    . . .     SeeInvis .   (no weapon)
rCold    + . .     Gourm    .   (no shield)
rNeg     + + +     Faith    .   a - +0 robe
rPois    ∞         Spirit   .   (no helmet)
rElec    .         Reflect  .   (no cloak)
rCorr    .         Harm     .   (no gloves)
MR       .....                  (no boots)
Stlth    ++........             (no amulet)
HPRegen  0.00/turn              (no ring)
MPRegen  0.08/turn              (no ring)

@: rotting
A: rotting body, claws 1, carnivore, cold resistance 1, negative energy
resistance 3, inhibited regeneration, torment resistance, unbreathing
a: no special abilities


You were on level 1 of the Dungeon.
You were not hungry.

You visited 1 branch of the dungeon, and saw 1 of its levels.

You collected 24 gold pieces.

Inventory:

Armour
 a - a +0 robe (worn)
Books
 b - a Young Poisoner's Handbook

   Spells                             Type                      Level
   a - Sting                          Conjuration/Poison           1
   b - Poisonous Vapours              Poison/Air                   2
   c - Mephitic Cloud                 Conjuration/Poison/Air       3
   d - Olgreb's Toxic Radiance        Poison                       4
   e - Venom Bolt                     Conjuration/Poison           5
Comestibles
 c - a ration


   Skills:
 + Level 1.8 Dodging
 + Level 2.2 Stealth
 + Level 1.8 Spellcasting
 + Level 0.8 Conjurations
 + Level 3.0 Poison Magic


You had 2 spell levels left.
You knew the following spells:

 Your Spells              Type           Power        Failure   Level  Hunger
a - Sting                 Conj/Pois      #...         14%         1    ##.....


Dungeon Overview and Level Annotations

Branches:
Dungeon (1/15)

Altars:


Innate Abilities, Weirdness & Mutations

Your body is rotting away.
You thrive on raw meat.
You are immune to poison.
You have sharp fingernails.
You are carnivorous and can eat meat at any time.
Your flesh is cold resistant. (rC+)
You are immune to negative energy. (rN+++)
You do not regenerate when monsters are visible.
You are immune to unholy pain and torment.
You can survive without breathing.


Message History

Unknown command.
You open the door.
There is an open door here.
A hobgoblin comes into view. It is wielding a club.
You see here 16 gold pieces.
A hobgoblin is nearby!
The hobgoblin shouts!
You see here 16 gold pieces.
You now have 16 gold pieces.
You scratch the hobgoblin.
The hobgoblin is heavily wounded.
The hobgoblin barely misses you.
You scratch the hobgoblin.
You kill the hobgoblin!
Found 8 gold pieces.
You see here a club.
You now have 24 gold pieces (gained 8).
A bat comes into view.
The bat moves out of view.
A bat is nearby!
A hobgoblin comes into view.
The bat hits you but does no damage. The bat barely misses you.
You scratch the bat.
The bat is heavily wounded.
The bat hits you but does no damage. The bat hits you but does no damage.
Found a scroll labeled WACOOF UPSA.
The hobgoblin shouts!
You hear a shout! x2
The bat hits you but does no damage. The bat closely misses you.
You scratch the bat.
The bat is severely wounded.
The bat hits you but does no damage.
You feel your flesh rotting away. The bat hits you but does no damage.
You scratch the hobgoblin.
The hobgoblin is severely wounded.
The bat hits you. The bat hits you but does no damage.
The hobgoblin hits you. 2 hobgoblins come into view.
The hobgoblin shouts!
You scratch the hobgoblin.
You kill the hobgoblin!
The bat misses you. The bat hits you. The bat closely misses you.
The bat hits you. The bat hits you but does no damage.
The bat closely misses you. The bat hits you. The bat hits you.
The bat barely misses you.
The hobgoblin hits you but does no damage.
The bat misses you.
You scratch the hobgoblin but do no damage.
You scratch the hobgoblin.
The hobgoblin is moderately wounded.
The hobgoblin hits you with a club.
* * * LOW HITPOINT WARNING * * *
You are too injured to fight recklessly!
You are too injured to fight recklessly!
The hobgoblin closely misses you. The bat hits you.
* * * LOW HITPOINT WARNING * * *
The hobgoblin hits you with a club.
You die...

#...........#
##.....#.....#
.........†...#
#...........#
#####.......# ..
####.#.#......
....###...b#.#######
.........g.g........
########....@########
#...................
#.######....#...##..
#.##............#
#.##.#########.##
#.##.# ... #.##.# ..#
##.##.## #.# #......#


You could see 2 hobgoblins and a bat.

Vanquished Creatures
  2 hobgoblins (D:1)
2 creatures vanquished.

Notes
Turn   | Place    | Note
-------+----------+-------------------------------------------
     0 | D:1      | Amnesiac the Ghoul Venom Mage began the quest for the Orb.
     0 | D:1      | Reached XP level 1. HP: 14/14 MP: 2/2
    76 | D:1      | Slain by a hobgoblin

Action                   || total
-------------------------++-------
Melee: Unarmed           ||     8
Armor: Robe              ||     8
Dodge: Dodged            ||     9
